 Dungeon Crawl Stone Soup version 0.26-a0-651-gb41185065b (webtiles) character file.

Game seed: 11011876701039408458

249 kae the Insei (level 5, -1/38 HPs)
             Began as a Demonspawn Gladiator on Oct 14, 2020.
             Was a Follower of Makhleb.
             Slain by an ogre
             ... wielding a +0 giant spiked club
              (29 damage)
             ... on level 4 of the Dungeon.
             The game lasted 00:02:30 (3591 turns).

kae the Insei (Demonspawn Gladiator)                Turns: 3591, Time: 00:02:31

Health: -1/38      AC:  4    Str: 15    XL:     5   Next: 87%
Magic:  5/5        EV: 17    Int:  9    God:    Makhleb [*.....]
Gold:   149        SH:  0    Dex: 15    Spells: 4/4 levels left

rFire    . . .     SeeInvis .     - Unarmed
rCold    . . .     Faith    .   (no shield)
rNeg     . . .     Spirit   .   a - +0 leather armour
rPois    .         Reflect  .   b - +0 helmet
rElec    .         Harm     .   (no cloak)
rCorr    .         Rampage  .   (no gloves)
MR       .....                  (no boots)
Stlth    +.........             (no amulet)
HPRegen  0.12/turn              (no ring)
MPRegen  0.09/turn              (no ring)

@: agile
A: claws 1, powered by pain 1, spiny 1
a: Renounce Religion


You were on level 4 of the Dungeon.
You worshipped Makhleb.
Makhleb was aware of your devotion.
You visited 1 branch of the dungeon, and saw 4 of its levels.

You collected 149 gold pieces.

Inventory:

Missiles
 c - 5 throwing nets (quivered)
Armour
 a - a +0 leather armour (worn)
 b - a +0 helmet (worn)
Scrolls
 h - 2 scrolls of remove curse
 i - 2 scrolls of magic mapping
 k - a scroll of fog
Potions
 d - 2 potions of lignification
 e - a potion of mutation
 f - a potion of magic {unknown}
 g - 2 potions of heal wounds {unknown}
 j - 2 potions of curing {unknown}
 l - a potion of might {unknown}


   Skills:
 - Level 2.0 Fighting
 - Level 1.7 Throwing
 - Level 2.6 Dodging
 + Level 6.1 Unarmed Combat


You had 4 spell levels left.
You didn't know any spells.
Your spell library was empty.

Dungeon Overview and Level Annotations

Branches:
Dungeon (4/15)
 Temple: D:4-7

Altars:
Makhleb
Ru
Zin

Shops:
D:3 *

Annotations:
D:4 exclusion: ogre


Innate Abilities, Weirdness & Mutations

You have sharp fingernails.
You sometimes gain a little power by taking damage.
You are partially covered in sharp spines.


Message History

No target in view!
No target in view!
A worm comes into view.
A worm is nearby!
An orc wizard and an ogre come into view.
The ogre shouts!
The orc wizard shouts!
Found 2 sapphire potions.
Found a stone staircase leading down.
The ogre misses you. The orc wizard casts a spell at you.
The magic dart hits you!
You focus on the pain.
You feel agile all of a sudden. The worm barely misses you.
You claw the ogre!
The ogre is heavily wounded.
You scratch the ogre.
The ogre is severely wounded.
The ogre is struck by your spines.
The ogre hits you with a +0 giant spiked club!!
Ouch! That really hurt!
You die...

#..............#
#
#..............#
#
#...........†..#
#..............#
#####.######...#
#.# #...# #.#
##### ##.####
#..@O.#
#.w.......#
#.#.#o#.#.#
#.......!.
#.#.#.#.# #
#..... ... #.#>#
# #.# ... .#


You could see an ogre, a worm and an orc wizard.

Vanquished Creatures
  A hound (D:2)
  2 worker ants (D:2)
  3 gnolls (D:3)
  5 adders
  2 worms (D:2)
  3 dart slugs (D:1)
  4 leopard geckos
  6 orcs
  8 bats
  8 giant cockroaches
  5 goblins
  6 hobgoblins
  7 jackals
  A quokka (D:2)
  6 frilled lizards
  7 kobolds
  9 rats
83 creatures vanquished.

Notes
Turn   | Place    | Note
-------+----------+-------------------------------------------
     0 | D:1      | kae the Demonspawn Gladiator began the quest for the Orb.
     0 | D:1      | Reached XP level 1. HP: 16/16 MP: 1/1
    51 | D:1      | Reached skill level 3 in Unarmed Combat
   220 | D:1      | Gained mutation: You sometimes gain a little power by
                  | taking damage. [demonic ancestry]
   220 | D:1      | Reached XP level 2. HP: 21/22 MP: 2/2
   839 | D:1      | Reached XP level 3. HP: 27/27 MP: 3/3
  1068 | D:2      | Reached skill level 4 in Unarmed Combat
  1435 | D:2      | Gained mutation: You are partially covered in sharp spines.
                  | [demonic ancestry]
  1435 | D:2      | Reached XP level 4. HP: 24/33 MP: 4/4
  1662 | D:2      | Found a burning altar of Makhleb.
  1668 | D:2      | Reached skill level 5 in Unarmed Combat
  1675 | D:2      | Became a worshipper of Makhleb the Destroyer
  1778 | D:2      | Gained mutation: You have sharp fingernails. [demonic
                  | ancestry]
  1778 | D:2      | Reached XP level 5. HP: 27/38 MP: 5/5
  2364 | D:3      | Found Zin's Purification Station.
  2369 | D:3      | Found a glowing silver altar of Zin.
  2392 | D:3      | Found a sacrificial altar of Ru.
  2787 | D:3      | Reached * piety under Makhleb
  3482 | D:4      | Noticed an ogre
  3544 | D:4      | Reached skill level 6 in Unarmed Combat
  3588 | D:4      | Noticed an ogre
  3591 | D:4      | Slain by an ogre

Illustrated notes

Levels and vault maps discovered:
D:1:      dpeg_arrival_tiny_j, layout_basic
D:2:      layout_basic, makhleb_blood_cavern_becter,
          minmay_randomly_rotated_circles
D:3:      layout_basic, lemuel_doored_altar, zin_purify
D:4:      layout_basic, st_stairs_2

Skill      XL: |  1  2  3  4  5 |
---------------+----------------+-----
Unarmed Combat | 3 4 5 6 |  6.1
Fighting       | |  2.0
Throwing       | |  1.7
Dodging        | |  2.6

Action                   |  1- 3 |  4- 6 || total
-------------------------+-------+-------++-------
Melee: Unarmed           |   112 |   107 ||   219
       Punch             |     1 |     3 ||     4
  Use: Scroll            |       |     7 ||     7
 Stab: Sleeping          |       |     3 ||     3
Armor: Leather armour    |    30 |    15 ||    45
Dodge: Dodged            |    61 |    49 ||   110

Table legend: (Time is in decaauts)
 A = Elapsed time spent in this place.
 B = Non-inter-level travel time spent in this place.
 C = Inter-level travel time spent in this place.
 D = Time resting spent in this place.
 E = Time spent auto-exploring this place.
 F = Levels seen in this place.
 G = Mean time per level.
                   A        B        C        D        E       F      G
               +--------+--------+--------+--------+--------+-----+--------+
         Total |   3572 |   3465 |    107 |    126 |   2864 |   4 |  893.0 |
       Dungeon |   3572 |   3465 |    107 |    126 |   2864 |   4 |  893.0 |
               +--------+--------+--------+--------+--------+-----+--------+

Top non-repeatable levels by time:
     D:2: 1229 daAuts
     D:3: 1096 daAuts
     D:1: 1011 daAuts
     D:4: 234 daAuts
